 Dungeon Crawl Stone Soup version 0.32-a0-981-g384da2ce10 (webtiles) character file.

Game seed: 14413801142407169354

433 PriceMaster the Chiller (level 6, -2/43 HPs)
             Began as a Demonspawn Ice Elementalist on Apr 20, 2024.
             Was an Initiate of Ashenzari.
             Slain by a hornet (3 damage)
             ... while paralysed by a hornet
             ... on level 4 of the Dungeon.
             The game lasted 00:03:27 (3672 turns).

PriceMaster the Chiller (DsIE)                      Turns: 3672, Time: 00:03:28

Health: -2/43      AC:  3    Str:  8    XL:     6   Next: 67%
Magic:  9/12       EV:  2    Int: 20    God:    Ashenzari [......]
Gold:   170        SH:  0    Dex: 13    Spells: 12/13 levels left

rFire   . . .        e - +1 dagger (drain)
rCold   . . .        n - +0 kite shield
rNeg    . . .        a - +0 robe
rPois   .            (helmet restricted)
rElec   .            (no cloak)
rCorr   .            (no gloves)
SInv    .            m - +0 pair of boots
Will    .....        v - amulet of reflection
Stlth   ++           (no ring)
HPRegen 0.27/turn    (no ring)
MPRegen 0.13/turn

%: reflection
@: paralysed
A: antennae 2, big brain 1
a: Renounce Religion, Curse Item


You were on level 4 of the Dungeon.
You worshipped Ashenzari.
Ashenzari was noncommittal.
You visited 1 branch of the dungeon, and saw 4 of its levels.

You collected 170 gold pieces.

Inventory:

Hand Weapons
 e - a +1 dagger of draining (weapon)
Armour
 a - a +0 robe (worn)
 i - a +0 helmet
 m - a +0 pair of boots (worn)
 n - a +0 kite shield (worn)
Jewellery
 v - an amulet of reflection (around neck)
Scrolls
 c - 2 scrolls of blinking {unknown}
 d - 2 scrolls of amnesia {unknown}
 f - 2 scrolls of butterflies {unknown}
 h - 4 scrolls of identify {unknown}
 j - a scroll of poison {unknown}
 k - 2 scrolls of immolation {unknown}
 r - a scroll of vulnerability {unknown}
 s - a scroll of acquirement {unknown}
 t - a scroll of teleportation {unknown}
 u - a scroll of revelation {unknown}
 w - a scroll of enchant weapon {unknown}
 x - a scroll of fog {unknown}
Potions
 b - a potion of mutation {unknown}
 g - 3 potions of resistance {unknown}
 l - 2 potions of degeneration {unknown}
 o - 2 potions of invisibility {unknown}
 p - 2 potions of enlightenment {unknown}
 q - a potion of brilliance {unknown}
 z - a potion of heal wounds {unknown}


   Skills:
 + Level 1.0 Fighting
 + Level 1.0 Short Blades
 + Level 2.4 Dodging
 + Level 2.2 Stealth
 + Level 1.1 Shields
 + Level 4.3 Spellcasting
 + Level 5.3 Ice Magic


You had 12 spell levels left.
You knew the following spells:

 Your Spells              Type           Power      Damage    Failure   Level
a - Freeze                Ice            100%       1d10      10%         1

Your spell library contained the following spells:

 Spells                   Type           Power      Damage    Failure   Level
 Frozen Ramparts          Ice            50%        1d8       28%         3
 Ozocubu's Armour         Ice            25%        N/A       28%         3
 Summon Ice Beast         Ice/Summ       14%        N/A       65%         3
 Mercury Vapours          Alch/Air       8%         N/A       78%         2
 Dazzling Flash           Conj/Hex       8%         N/A       95%         3
 Mephitic Cloud           Conj/Alch/Air  4%         N/A       95%         3
 Stone Arrow              Conj/Erth      8%         3d7       95%         3
 Animate Armour           Summ/Erth      8%         N/A       100%        4
 Freezing Cloud           Conj/Ice/Air   5%         6-21      100%        5
 Starburst                Conj/Fire      2%         6d3       100%        6
 Seismic Cannonade        Alch/Erth      2%         6d4       100%        7
 Fulsome Fusillade        Conj/Alch      2%         (3-5)d4   100%        8
 Lehudib's Crystal Spear  Conj/Erth      2%         10d2      100%        8


Dungeon Overview and Level Annotations

Branches:
Dungeon (4/15)
 Temple: D:4-7

Altars:
Ashenzari
Dithmenos

Shops:
D:2 [

Annotations:
D:4 1 transporter, ezpacito's ghost, amateur CoCK


Innate Abilities, Weirdness & Mutations

You have a pair of antennae on your head.
You have an unusually large brain. (Int +2)


Message History

You freeze the sleepcap.
You destroy the sleepcap!
You can't see any susceptible monsters within range! (Use Z to cast anyway.)
You now have 170 gold pieces (gained 10).
Found a plate armour.
A hornet comes into view.
A hornet is nearby!
The hornet buzzes angrily.
A quokka comes into view.
The quokka twitches its whiskers.
You can't see any susceptible monsters within range! (Use Z to cast anyway.)
You block the hornet's attack.
You freeze the hornet!
The hornet is moderately wounded.
You block the hornet's attack. The hornet stings you!
You feel yourself slow down.
You freeze the hornet!
The hornet is heavily wounded.
You feel yourself speed up. You block the quokka's attack.
The hornet misses you.
The quokka bites you but does no damage.
You block the hornet's attack.
You barely miss the hornet.
The hornet is heavily wounded.
The hornet stings you but does no damage.
The quokka bites you. You block the hornet's attack.
A ribbon worm comes into view.
The quokka bites you.
You freeze the hornet.
The hornet is severely wounded.
The hornet stings you!
You suddenly lose the ability to move!
The quokka bites you but does no damage.
The hornet stings you!
* * * LOW HITPOINT WARNING * * *
You feel yourself slow down.
You feel yourself speed up. The quokka bites you.
* * * LOW HITPOINT WARNING * * *
The hornet stings you.
You die...

.........#
#.............#
.........#
##...........##
.........##
#..........##
..[.......#
#..........#
..........#
#.........##
..........####.......##
...........# #.....###
........#.# ###..##
......###@# ### .....#
#yr# ....# ##.# .## ..
... .... .w... ......


You could see a hornet, a ribbon worm and a quokka.

Vanquished Creatures
  A bullfrog (D:3)
  2 scorpions (D:4)
  A hound (D:4)
  2 iguanas (D:4)
  A sleepcap (D:4)
  6 adders
  2 dart slugs
  4 orcs (D:4)
  6 bats
  8 endoplasms
  3 giant cockroaches
  7 goblins
  6 hobgoblins
  7 jackals
  7 quokkas
  7 ball pythons
  8 frilled lizards
  7 kobolds
  3 rats (D:3)
88 creatures vanquished.

Notes
Turn   | Place    | Note
-------+----------+-------------------------------------------
     0 | D:1      | PriceMaster the Demonspawn Ice Elementalist began the quest
                  | for the Orb.
     0 | D:1      | Reached XP level 1. HP: 13/13 MP: 3/3
   207 | D:1      | Gained mutation: You have a pair of small antennae on your
                  | head. [demonic ancestry]
   207 | D:1      | Reached XP level 2. HP: 15/19 MP: 0/5
   264 | D:1      | Reached skill level 4 in Ice Magic
   782 | D:1      | Gained mutation: You have a pair of antennae on your head.
                  | [demonic ancestry]
   782 | D:1      | Reached XP level 3. HP: 24/24 MP: 4/6
   907 | D:1      | Found a faded altar of an unknown god.
  1213 | D:2      | Found Resaran's Antique Armour Shoppe.
  1617 | D:2      | Reached XP level 4. HP: 23/30 MP: 5/8
  2304 | D:3      | Found a shadowy altar of Dithmenos.
  2318 | D:3      | Noticed a bullfrog
  2325 | D:3      | Killed a bullfrog
  2326 | D:3      | Reached XP level 5. HP: 22/36 MP: 3/9
  2695 | D:3      | Found a broken altar of Ashenzari.
  2866 | D:3      | Became a worshipper of Ashenzari the Shackled
  3267 | D:4      | Found a transporter.
  3269 | D:4      | Noticed ezpacito's ghost (amateur CoCK)
  3374 | D:4      | Reached skill level 5 in Ice Magic
  3377 | D:4      | Gained mutation: You have an unusually large brain. (Int
                  | +2) [demonic ancestry]
  3377 | D:4      | Reached XP level 6. HP: 41/42 MP: 4/11
  3574 | D:4      | Reached skill level 1 in Fighting
  3574 | D:4      | Reached skill level 1 in Short Blades
  3574 | D:4      | Reached skill level 1 in Shields
  3664 | D:4      | Noticed a hornet
  3671 | D:4      | Paralysed by a hornet for 3 turns
  3672 | D:4      | HP: 1/43 [quokka (4)]
  3672 | D:4      | Slain by a hornet

Illustrated notes

Levels and vault maps discovered:
D:1:      wander_arrival_peaceful_grave, layout_loops_ring,
          shapermc_ecumenical_altar_mp_urbaneastern
D:2:      layout_loops_ring, serial_shops, nicolae_diamond_shop
D:3:      layout_loops_ring, mainiacjoe_overflow_cross_hatched,
          mainiacjoe_overflow_six_doors_small
D:4:      layout_cave_pods, gammafunk_ghost_mausoleum

Skill      XL: |  1  2  3  4  5  6 |
---------------+-------------------+-----
Ice Magic      | 4 5 |  5.3
Dodging        | 2 |  2.4
Stealth        | 2 |  2.2
Spellcasting   | 3 4 |  4.3
Fighting       | 1 |  1.0
Short Blades   | 1 |  1.0
Shields        | 1 |  1.1

Action                     |  1- 3 |  4- 6 || total
---------------------------+-------+-------++-------
  Melee: Dagger            |    38 |    39 ||    77
         Unarmed           |     4 |       ||     4
   Cast: Freeze            |    53 |    71 ||   124
    Use: Potion            |     1 |       ||     1
   Stab: Sleeping          |     2 |     1 ||     3
 Armour: Robe              |    56 |    49 ||   105
  Dodge: Dodged            |    71 |    25 ||    96
  Block: Kite shield       |    12 |    55 ||    67

Table legend: (Time is in decaauts)
 A = Elapsed time spent in this place.
 B = Non-inter-level travel time spent in this place.
 C = Inter-level travel time spent in this place.
 D = Time resting spent in this place.
 E = Time spent auto-exploring this place.
 F = Levels seen in this place.
 G = Mean time per level.
                   A        B        C        D        E       F      G
               +--------+--------+--------+--------+--------+-----+--------+
         Total |   3685 |   3563 |    122 |      7 |   2918 |   4 |  921.2 |
       Dungeon |   3685 |   3563 |    122 |      7 |   2918 |   4 |  921.2 |
               +--------+--------+--------+--------+--------+-----+--------+

Top non-repeatable levels by time:
     D:1: 1178 daAuts
     D:3: 1048 daAuts
     D:2: 947 daAuts
     D:4: 512 daAuts
